AoeStats
← Blyad _Mann

MegaRandom

508909764Analyzed
4v4 RM · 8d ago on Sep 24, 2026· 23m 0s· 8 players
Game mode
Random Map
Map size
Large (8 player)
Population
200
Speed
Normal
Resources
Standard
Victory
Conquest
Starting age
Dark Age
Ending age
Imperial Age
RankedLock teamsTeams togetherTeam positionsShared explorationLock speedFull tech treeHidden civsTurbo modeCheats
Victory
Defeat
🇳🇱 Danes · Netherlands
964
+14
🇦🇿 Varangians · Azerbaijan
933
+15
🇪🇸 Khmer · Spain
907
+16
🇩🇪 Franks · Germany
886
+16
🇨🇱 Burgundians · Chile
934
-16
🇺🇸 Saxons · United States
933
-16
🇩🇪 Slavs · Germany
901
-15
🇩🇪 Danes · Germany
863
-14
Javi Rubio
11:03 Feudal Age
13:27 Double-Bit Axe
16:06 Horse Collar
16:19 Stone Mining
24:05 Castle Age
24:14 Castle Age
Blyad _Mann
0:27 Loom
13:54 Feudal Age
14:34 Horse Collar
14:40 Double-Bit Axe
24:32 Castle Age
22:40 Fletching
22:51 Scale Mail Armor
23:01 Forging
Russia05
11:10 Feudal Age
9:26 Loom
17:48 Double-Bit Axe
17:49 Horse Collar
20:44 Castle Age
20:25 Forging
20:21 Scale Barding Armor
21:34 Wheelbarrow
runningelmi
2:57 Loom
13:39 Feudal Age
18:58 Castle Age
17:14 Forging
17:40 Double-Bit Axe
17:50 Gold Mining
mrbubbles019
6:46 Loom
9:43 Feudal Age
10:16 Double-Bit Axe
16:51 Wheelbarrow
22:38 Castle Age
madmax
0:36 Loom
12:12 Feudal Age
12:46 Double-Bit Axe
13:20 Horse Collar
15:57 Scale Mail Armor
21:17 Castle Age
19:41 Forging
20:21 Fletching
22:29 Stone Mining
baeda-frank-tsg
0:31 Loom
12:39 Feudal Age
13:14 Double-Bit Axe
18:17 Castle Age
18:46 Wheelbarrow
18:01 Horse Collar
22:25 Bow Saw
GERMANICO7222
7:39 Loom
11:04 Feudal Age
9:30 Double-Bit Axe
16:27 Horse Collar
19:33 Bow Saw
21:14 Gold Mining
21:30 Heavy Plow
Connection lost

Rejoining the realm…

Still unreachable

The connection could not be restored.

Session expired

The server has moved on; the page needs a fresh start.